 Dungeon Crawl Stone Soup version 0.28-a0-1206-g193881aaa2 (webtiles) character file.

Game seed: 17599403118949324124

3515 kipponium the Basher (level 10, -4/80 HPs)
             Began as a Gnoll Cinder Acolyte on Dec 20, 2021.
             Was a Believer of Ignis.
             Slain by a gnoll sergeant (13 damage)
             ... in a bailey.
             The game lasted 00:32:20 (10848 turns).

kipponium the Basher (Gnoll Cinder Acolyte)        Turns: 10848, Time: 00:32:21

Health: -4/80      AC: 11    Str: 13    XL:     10   Next: 8%
Magic:  9/18       EV: 13    Int: 14    God:    Ignis [**....]
Gold:   470        SH:  0    Dex: 12    Spells: 9/20 levels left

rFire   + . .      SeeInvis .   C - +3 whip (venom)
rCold   . . .      Faith    .   (no shield)
rNeg    + . .      Spirit   .   F - +0 steam dragon scales
rPois   .          Reflect  .   w - +0 helmet
rElec   .          Harm     .   o - +0 cloak
rCorr   .          Rampage  .   n - +0 pair of gloves
Will    .....                   q - +0 pair of boots
Stlth   +++.......              D - amulet of magic regeneration
HPRegen 0.23/turn               y - ring of positive energy
MPRegen 0.56/turn               (no ring)

@: hasted, very quick
A: fangs 1, strong nose, distributed training
a: Renounce Religion, Fiery Armour, Foxfire Swarm, Rising Flame


You were in a bailey.
You worshipped Ignis.
Ignis was pleased with you.
You visited 1 branch of the dungeon, and saw 9 of its levels.
You also visited: Bailey.

You collected 470 gold pieces.

Inventory:

Hand Weapons
 a - a -1 mace of flaming
 r - a +1 hunting sling of flaming
 C - a +3 whip of venom (weapon)
Missiles
 l - 54 poisoned darts
 s - 160 stones
 E - 3 curare-tipped darts
 G - 4 throwing nets (quivered)
Armour
 b - a +0 robe
 n - a +0 pair of gloves (worn)
 o - a +0 cloak (worn)
 q - a +0 pair of boots (worn)
 w - a +0 helmet (worn)
 F - +0 steam dragon scales (worn)
Magical Staves
 t - a staff of earth
 x - a staff of poison
Jewellery
 y - a ring of positive energy (left hand)
 D - an amulet of magic regeneration (around neck)
Wands
 k - a wand of flame (3)
Scrolls
 c - a scroll of immolation
 e - a scroll of amnesia
 i - a scroll of enchant armour {unknown}
 j - a scroll of vulnerability {unknown}
 u - 2 scrolls of fear {unknown}
 z - a scroll of enchant weapon
Potions
 d - 6 potions of curing
 f - a potion of cancellation
 g - a potion of ambrosia {unknown}
 h - 2 potions of might
 m - a potion of brilliance
 p - a potion of flight
 v - a potion of heal wounds {unknown}
 B - 3 potions of mutation
 H - a potion of magic
 I - a potion of lignification {unknown}


   Skills:
 + Level 8.3 Fighting
 + Level 4.9 Short Blades
 + Level 4.9 Long Blades
 + Level 4.9 Axes
 + Level 8.3 Maces & Flails
 + Level 4.9 Polearms
 + Level 4.9 Staves
 + Level 4.9 Slings
 + Level 4.9 Bows
 + Level 4.9 Crossbows
 + Level 4.9 Throwing
 + Level 4.9 Armour
 + Level 4.9 Dodging
 + Level 4.9 Stealth
 + Level 4.9 Shields
 + Level 4.9 Unarmed Combat
 + Level 5.7 Spellcasting
 + Level 4.0 Conjurations
 + Level 4.0 Hexes
 + Level 4.0 Summonings
 + Level 4.0 Necromancy
 + Level 4.0 Translocations
 + Level 4.0 Transmutations
 + Level 6.9 Fire Magic
 + Level 4.0 Ice Magic
 + Level 4.0 Air Magic
 + Level 4.0 Earth Magic
 + Level 4.0 Poison Magic
 + Level 5.4 Invocations
 + Level 4.9 Evocations


You had 9 spell levels left.
You knew the following spells:

 Your Spells              Type           Power      Damage    Failure   Level
a - Scorch                Fire           46%        2d7       1%          2
b - Confusing Touch       Hex            15%        N/A       9%          3
c - Vampiric Draining     Necr           15%        2d7       9%          3
d - Mephitic Cloud        Conj/Pois/Air  15%        N/A       9%          3

Your spell library contained the following spells:

 Spells                   Type           Power      Damage    Failure   Level
 Animate Skeleton         Necr           30%        N/A       3%          1
 Apportation              Tloc           30%        N/A       3%          1
 Magic Dart               Conj           60%        1d6       3%          1
 Slow                     Hex            60%        N/A       3%          1
 Summon Small Mammal      Summ           60%        N/A       3%          1
 Call Imp                 Summ           15%        N/A       4%          2
 Corpse Rot               Necr/Air       30%        N/A       4%          2
 Poisonous Vapours        Pois/Air       30%        N/A       4%          2
 Ozocubu's Armour         Ice            15%        N/A       9%          3
 Ozocubu's Refrigeration  Ice            7%         4d6       100%        7


Dungeon Overview and Level Annotations

Branches:
Dungeon (9/15)             Temple (0/1) D:5            Lair (0/6) D:9
 Bailey (1/1)
    Orc: D:9-12

Altars:
Cheibriados
Dithmenos
Elyvilon
Nemelex Xobeh
Xom
Yredelemnul
Zin

Shops:
D:5 *

Annotations:
D:6 1 runed translucent door, Crazy Yiuf
D:8 3 runed translucent doors, Kebab's ghost, novice MiFi
D:9 Erica, Psyche


Innate Abilities, Weirdness & Mutations

You have very sharp teeth.
Your uncanny sense of smell can sniff out nearby items.
Your experience applies equally to all skills.


Message History

The gnoll sergeant is moderately wounded.
The foxfire hits the gnoll sergeant but does no damage.
The gnoll sergeant is moderately wounded.
The foxfire hits the gnoll sergeant but does no damage.
The gnoll sergeant is moderately wounded.
The gnoll sergeant hits you from afar with a +0 glaive!
The foxfire hits the gnoll sergeant.
The gnoll sergeant is heavily wounded.
The foxfire hits the gnoll sergeant but does no damage.
The gnoll sergeant is heavily wounded.
The gnoll sergeant closely misses you.
Casting: Scorch (safe; 1% risk of failure)
Confirm with . or Enter, or press ? or * to list all spells.
Flames lash the gnoll shaman.
The gnoll shaman is burned terribly!
The gnoll shaman is almost dead.
The foxfire hits the gnoll sergeant but does no damage.
The gnoll sergeant is heavily wounded.
The foxfire hits the gnoll sergeant but does no damage.
The gnoll sergeant is heavily wounded.
The foxfire hits the gnoll sergeant but does no damage.
The gnoll sergeant is heavily wounded.
The foxfire hits the gnoll sergeant.
The gnoll sergeant is heavily wounded.
The foxfire hits the gnoll sergeant but does no damage.
The gnoll sergeant is heavily wounded.
The gnoll shaman completely misses you.
The gnoll sergeant hits you from afar with a +0 glaive.
* * * LOW HITPOINT WARNING * * *
You feel yourself speed up.
The gnoll shaman is no longer more vulnerable to fire.
The gnoll sergeant closely misses you.
The gnoll shaman prays to its god.
The gnoll shaman is healed somewhat.
The gnoll sergeant closely misses you.
Activating: Foxfire Swarm
Press: ? - help, Dir - look around, f - activate Flames leap up around you!
The gnoll shaman hits you from afar with a +0 halberd!
* * * LOW HITPOINT WARNING * * *
The gnoll sergeant hits you from afar with a +0 glaive!
You die...

♣♣≈≈...# ♣.≈..###
♣♣.≈..#∆ ♣♣..≈..#∆
♣...≈..#∆ #### ♣...≈..#
#...##
♣♣...≈.v######.....##
#♣♣♣......vvvvv#...$...#
#∩..∩.).).vv@vg'...8...+
#♣♣♣.)....vvvvg#...$...#
♣♣...≈.v######.....##
♣♣..≈..# #...## ♣..≈..#∆
#### ♣..≈..#∆ ♣♣.≈..#∆
♣.≈..### ♣♣≈≈...#


You could see a gnoll sergeant (fast, ally target) and a gnoll shaman (ally
target).

Vanquished Creatures
  Harold (D:7)
  A troll (D:9)
  Grinder (D:6)
  Sigmund (D:6)
  A steam dragon (D:6)
  Menkaure (D:4)
  An orc warrior (D:8)
  An ice beast (D:6)
  A centaur (D:7)
  2 kobold brigands
  Blork the orc (D:4)
  A bullfrog (D:7)
  3 scorpions
  A water moccasin zombie (D:5)
  2 water moccasin skeletons
  A wight (D:7)
  A centaur zombie (D:8)
  3 jellies
  4 orc priests
  A centaur skeleton (D:6)
  7 hounds
  An iguana (D:5)
  Jessica (D:2)
  5 orc wizards
  2 hound skeletons (D:5)
  A mummy (D:6)
  Robin (D:4)
  A howler monkey zombie (D:8)
  10 gnolls
  8 adders
  A shadow imp (D:5)
  An ufetubus (D:6)
  An adder skeleton (D:5)
  An adder zombie (D:5)
  5 worms
  3 dart slugs
  19 orcs
  13 endoplasms
  6 giant cockroaches
  18 goblins
  10 hobgoblins
  3 jackals (D:5)
  14 kobolds
  4 quokkas
  13 ball pythons
  7 bats
  5 frilled lizards
  5 rats
195 creatures vanquished.

Vanquished Creatures (others)
  A sky beast (D:5)
  45 foxfires
46 creatures vanquished.

Grand Total: 241 creatures vanquished

Notes
Turn   | Place    | Note
-------+----------+-------------------------------------------
     0 | D:1      | kipponium the Gnoll Cinder Acolyte began the quest for the
                  | Orb.
     0 | D:1      | Reached XP level 1. HP: 23/23 MP: 4/4
    56 | D:1      | Found a faded altar of an unknown god.
   174 | D:1      | Reached XP level 2. HP: 25/29 MP: 5/5
   712 | D:1      | Reached XP level 3. HP: 26/35 MP: 7/7
  1102 | D:2      | Learned a level 2 spell: Scorch
  1176 | D:2      | Reached skill level 1 in Invocations
  1397 | D:2      | Reached skill level 1 in Short Blades
  1397 | D:2      | Reached skill level 1 in Long Blades
  1397 | D:2      | Reached skill level 1 in Axes
  1397 | D:2      | Reached skill level 1 in Polearms
  1397 | D:2      | Reached skill level 1 in Staves
  1397 | D:2      | Reached skill level 1 in Slings
  1397 | D:2      | Reached skill level 1 in Bows
  1397 | D:2      | Reached skill level 1 in Crossbows
  1397 | D:2      | Reached skill level 1 in Throwing
  1397 | D:2      | Reached skill level 1 in Armour
  1397 | D:2      | Reached skill level 1 in Dodging
  1397 | D:2      | Reached skill level 1 in Stealth
  1397 | D:2      | Reached skill level 1 in Shields
  1397 | D:2      | Reached skill level 1 in Unarmed Combat
  1397 | D:2      | Reached skill level 1 in Evocations
  1708 | D:2      | Reached XP level 4. HP: 35/41 MP: 8/8
  2403 | D:2      | Reached skill level 1 in Conjurations
  2403 | D:2      | Reached skill level 1 in Hexes
  2403 | D:2      | Reached skill level 1 in Summonings
  2403 | D:2      | Reached skill level 1 in Necromancy
  2403 | D:2      | Reached skill level 1 in Translocations
  2403 | D:2      | Reached skill level 1 in Transmutations
  2403 | D:2      | Reached skill level 1 in Ice Magic
  2403 | D:2      | Reached skill level 1 in Air Magic
  2403 | D:2      | Reached skill level 1 in Earth Magic
  2403 | D:2      | Reached skill level 1 in Poison Magic
  2721 | D:2      | Reached XP level 5. HP: 47/47 MP: 4/9
  2924 | D:2      | Noticed Jessica
  2927 | D:2      | Killed Jessica
  3919 | D:3      | Reached XP level 6. HP: 38/53 MP: 0/11
  4245 | D:4      | Noticed Menkaure
  4248 | D:4      | Killed Menkaure
  4380 | D:4      | Found a sparkling altar of Nemelex Xobeh.
  4665 | D:4      | Noticed Blork the orc
  4672 | D:4      | Killed Blork the orc
  4673 | D:4      | Reached XP level 7. HP: 45/59 MP: 3/12
  4918 | D:4      | Noticed Robin
  4922 | D:4      | Found a shimmering altar of Xom.
  4954 | D:4      | Killed Robin
  5398 | D:5      | Entered Level 5 of the Dungeon
  5583 | D:5      | Found a glowing silver altar of Zin.
  5611 | D:5      | Found a staircase to the Ecumenical Temple.
  6030 | D:5      | Found Cujuzous's Assorted Antiques.
  6492 | D:5      | Reached XP level 8. HP: 67/67 MP: 3/14
  7334 | D:6      | Noticed Sigmund
  7348 | D:6      | Killed Sigmund
  7962 | D:6      | Found a white marble altar of Elyvilon.
  8142 | D:6      | Noticed Grinder
  8155 | D:6      | Killed Grinder
  8156 | D:6      | Reached XP level 9. HP: 73/73 MP: 11/16
  8300 | D:6      | Learned a level 3 spell: Confusing Touch
  8311 | D:6      | Found a runed translucent door.
  8312 | D:6      | Noticed Crazy Yiuf
  8393 | D:6      | Found a snail-covered altar of Cheibriados.
  8439 | D:6      | Reached skill level 5 in Spellcasting
  9052 | D:7      | Noticed Harold
  9075 | D:7      | Killed Harold
  9076 | D:7      | Reached skill level 5 in Invocations
  9552 | D:7      | Learned a level 3 spell: Vampiric Draining
  9698 | D:7      | You fall into a shaft and drop 2 floors!
  9787 | D:9      | Noticed Erica
  9804 | D:9      | Found a basalt altar of Yredelemnul.
  9902 | D:9      | Noticed a troll
  9923 | D:9      | Killed a troll
  9982 | D:9      | Noticed Psyche
 10488 | D:8      | Found a shadowy altar of Dithmenos.
 10557 | D:8      | Reached XP level 10. HP: 73/80 MP: 9/18
 10570 | D:8      | Found a runed translucent gate.
 10573 | D:8      | Found a runed translucent gate.
 10573 | D:8      | Found a runed translucent gate.
 10576 | D:8      | Noticed Kebab's ghost (novice MiFi)
 10576 | D:8      | Noticed a nine-headed hydra
 10622 | D:8      | Found a flagged portal.
 10629 | Bailey   | Entered a bailey
 10634 | Bailey   | Learned a level 3 spell: Mephitic Cloud
 10848 | Bailey   | Slain by a gnoll sergeant

Illustrated notes

Levels and vault maps discovered:
D:1:      dpeg_arrival_brainrot, layout_basic, basic_ecumenical_altar
D:2:      minmay_chambers_of_twos, layout_basic, uniq_jessica
D:3:      layout_basic, minmay_misc_feat_roman, minmay_joined_circles
D:4:      layout_cave_pools, lemuel_crystal_altar, mainiacjoe_overflow_catwalk,
          uniq_blork_the_orc, uniq_menkaure, uniq_robin
D:5:      layout_loops_ring, mainiacjoe_overflow_alcove_2,
          minmay_temple_entry_wispy, serial_shops, nicolae_square_shop
D:6:      layout_loops_ring, slow_altar_2, elyvilon_altar_1,
          uniq_crazy_yiuf_cottage, uniq_grinder, uniq_sigmund
D:7:      layout_loops_ring, uniq_harold
D:8:      layout_rooms, nicolae_ru_great_annihilating_truth,
          nicolae_dithmenos_shadow_blocks, mainiacjoe_overflow_six_doors_small,
          enter_bailey_2, gammafunk_ghost_hydra_chop
D:9:      layout_loops_ring, general_overflow_altar, erik_lair_island,
          nrook_uturn, uniq_erica, uniq_psyche, uniq_pikel
Bailey:   bailey_polearm_gnolls_kennysheep, bailey

Skill      XL: |  1  2  3  4  5  6  7  8  9 |
---------------+----------------------------+-----
Invocations    | 1 2 3 4 5 |  5.4
Short Blades   | 1 2 3 4 |  4.9
Long Blades    | 1 2 3 4 |  4.9
Axes           | 1 2 3 4 |  4.9
Polearms       | 1 2 3 4 |  4.9
Staves         | 1 2 3 4 |  4.9
Slings         | 1 2 3 4 |  4.9
Bows           | 1 2 3 4 |  4.9
Crossbows      | 1 2 3 4 |  4.9
Throwing       | 1 2 3 4 |  4.9
Armour         | 1 2 3 4 |  4.9
Dodging        | 1 2 3 4 |  4.9
Stealth        | 1 2 3 4 |  4.9
Shields        | 1 2 3 4 |  4.9
Unarmed Combat | 1 2 3 4 |  4.9
Evocations     | 1 2 3 4 |  4.9
Spellcasting   | 3 4 5 |  5.7
Conjurations   | 1 2 3 4 |  4.0
Hexes          | 1 2 3 4 |  4.0
Summonings     | 1 2 3 4 |  4.0
Necromancy     | 1 2 3 4 |  4.0
Translocations | 1 2 3 4 |  4.0
Transmutations | 1 2 3 4 |  4.0
Ice Magic      | 1 2 3 4 |  4.0
Air Magic      | 1 2 3 4 |  4.0
Earth Magic    | 1 2 3 4 |  4.0
Poison Magic   | 1 2 3 4 |  4.0
Fighting       | 7 8 |  8.3
Maces & Flails | 7 8 |  8.3
Fire Magic     | 6 |  6.9

Action                   |  1- 3 |  4- 6 |  7- 9 | 10-12 || total
-------------------------+-------+-------+-------+-------++-------
Melee: Mace              |    90 |    69 |    61 |       ||   220
       Bite              |     2 |     1 |    11 |     2 ||    16
       Punch             |       |       |     2 |     2 ||     4
       Whip              |       |       |    42 |    15 ||    57
Throw: Dart              |       |       |    24 |       ||    24
       Throwing net      |       |       |     1 |       ||     1
 Cast: Scorch            |     4 |    69 |   150 |    15 ||   238
       Vampiric Draining |       |       |     1 |       ||     1
       Confusing Touch   |       |       |     1 |       ||     1
       Mephitic Cloud    |       |       |       |     2 ||     2
Invok: Foxfire Swarm     |     1 |       |     2 |     2 ||     5
       Fiery Armour      |       |     1 |     1 |       ||     2
  Use: Scroll            |       |       |    15 |       ||    15
       Potion            |       |       |       |     1 ||     1
 Stab: Confused          |       |       |       |     1 ||     1
Armor: Robe              |    18 |    17 |    31 |       ||    66
       Steam dragon scal |       |       |    15 |    11 ||    26
Dodge: Dodged            |    60 |    33 |    89 |    33 ||   215

Table legend: (Time is in decaauts)
 A = Elapsed time spent in this place.
 B = Non-inter-level travel time spent in this place.
 C = Inter-level travel time spent in this place.
 D = Time resting spent in this place.
 E = Time spent auto-exploring this place.
 F = Levels seen in this place.
 G = Mean time per level.
                   A        B        C        D        E       F      G
               +--------+--------+--------+--------+--------+-----+--------+
         Total |  10841 |  10563 |    278 |   3730 |   4871 |  10 | 1084.1 |
       Dungeon |  10627 |  10349 |    278 |   3624 |   4871 |   9 | 1180.8 |
        Bailey |    214 |    214 |      0 |    106 |      0 |   1 |  214.0 |
               +--------+--------+--------+--------+--------+-----+--------+

Top non-repeatable levels by time:
     D:2: 2143 daAuts
     D:6: 1927 daAuts
     D:5: 1650 daAuts
     D:4: 1332 daAuts
     D:3: 1167 daAuts
     D:1: 1001 daAuts
     D:7: 813 daAuts
     D:9: 353 daAuts
     D:8: 238 daAuts
  Bailey: 214 daAuts
